 Dungeon Crawl Stone Soup version 0.25.1-2-g60ff931df9 (webtiles) character file.

Game seed: 12286639200026834205

1114 sankara the Grave Robber (level 8, -2/54 (57) HPs)
             Began as a Ghoul Necromancer on Sept 4, 2020.
             Slain by an ogre
             ... wielding a +0 giant club
              (27 damage)
             ... on level 6 of the Dungeon.
             The game lasted 00:25:23 (7649 turns).

sankara the Grave Robber (Ghoul Necromancer)        Turns: 7649, Time: 00:25:24

HP:   -2/54 (57)    AC:  3    Str: 10 (12) XL:     8   Next: 34%
MP:   13/18         EV: 13    Int: 12      God:
Gold: 189           SH:  0    Dex: 14 (15) Spells: 5/10 levels left

rFire    . . .     SeeInvis .     - Unarmed
rCold    + . .     Gourm    .   (no shield)
rNeg     + + +     Faith    .   f - +0 leather armour
rPois    ∞         Spirit   .   (no helmet)
rElec    .         Reflect  .   (no cloak)
rCorr    .         Harm     .   (no gloves)
MR       .....                  (no boots)
Stlth    +++.......             (no amulet)
HPRegen  0.00/turn              o - ring of magical power
MPRegen  0.16/turn              z - +6 ring of dexterity (curse)

@: rotting
A: rotting body, claws 1, carnivore, cold resistance 1, negative energy
resistance 3, inhibited regeneration, torment resistance, unbreathing
a: no special abilities


You were on level 6 of the Dungeon.
You were not hungry.

You visited 1 branch of the dungeon, and saw 6 of its levels.

You collected 189 gold pieces.

Inventory:

Missiles
 d - 7 atropa-tipped darts
 g - 189 stones (quivered)
 j - a throwing net
 k - 19 poisoned darts
 l - 24 sling bullets
 t - 5 boomerangs
Armour
 f - a +0 leather armour (worn)
 p - a +0 cloak
Jewellery
 o - a ring of magical power (left claw)
 z - a cursed +6 ring of dexterity (right claw)
Wands
 s - a wand of iceblast (7)
 y - a wand of flame (6)
Scrolls
 b - a scroll of remove curse {unknown}
 e - 4 scrolls of teleportation {unknown}
 h - 2 scrolls of magic mapping {unknown}
 i - 6 scrolls of identify {unknown}
 m - a scroll of enchant weapon {unknown}
 n - a scroll of random uselessness {unknown}
 v - 5 scrolls of amnesia {unknown}
 w - a scroll of immolation {unknown}
Potions
 a - a potion of resistance
 q - 2 potions of curing {unknown}
 r - a potion of flight {unknown}
 u - 3 potions of brilliance {unknown}
 x - 4 potions of heal wounds {unknown}
Comestibles
 c - 9 rations


   Skills:
 + Level 3.3 Armour
 + Level 4.0 Dodging
 - Level 5.0 Stealth
 + Level 4.2 Unarmed Combat
 - Level 1.7 Spellcasting
 + Level 5.6 Necromancy
 + Level 2.9 Evocations


You had 5 spell levels left.
You knew the following spells:

 Your Spells              Type           Power        Failure   Level  Hunger
a - Pain                  Necr           ##..         3%          1    ##.....
b - Animate Skeleton      Necr           N/A          3%          1    ##.....
c - Vampiric Draining     Necr           ##........   11%         3    ####...

Your spell library contained the following spells:

 Spells                   Type           Power        Failure   Level  Hunger
 Animate Dead             Necr           N/A          34%         4    #####..
 Agony                    Necr           ##......     69%         5    ######.


Dungeon Overview and Level Annotations

Branches:
Dungeon (6/15)
 Temple: D:4-7

Altars:
Fedhas
Hepliaklqana


Innate Abilities, Weirdness & Mutations

Your body is rotting away.
You thrive on raw meat.
You are immune to poison.
You have sharp fingernails.
You are carnivorous and can eat meat at any time.
Your flesh is cold resistant. (rC+)
You are immune to negative energy. (rN+++)
You do not regenerate when monsters are visible.
You are immune to unholy pain and torment.
You can survive without breathing.


Message History

Confirm with . or Enter, or press ? or * to list all spells.
Aiming: Pain (safe; 3% risk of failure)
Press: ? - help, Shift-Dir - straight line, f/p - ogre
Aim: an ogre, wielding a +0 giant club (heavily wounded, chance to defeat MR: 72%)
The ogre struggles to resist.
The ogre hits you with a +0 giant club!
Casting: Pain (safe; 3% risk of failure)
Confirm with . or Enter, or press ? or * to list all spells.
Aiming: Pain (safe; 3% risk of failure)
Press: ? - help, Shift-Dir - straight line, f/p - ogre
Aim: an ogre, wielding a +0 giant club (heavily wounded, chance to defeat MR: 72%)
The ogre struggles to resist.
Casting: Pain (safe; 3% risk of failure)
Confirm with . or Enter, or press ? or * to list all spells.
Aiming: Pain (safe; 3% risk of failure)
Press: ? - help, Shift-Dir - straight line, f/p - ogre
Aim: an ogre, wielding a +0 giant club (heavily wounded, chance to defeat MR: 72%)
The ogre writhes in agony.
The ogre hits you with a +0 giant club!!
Ouch! That really hurt!
You die...

... ....
....###
.......
.......
$......####.#
......O$....#
#@# #.# #.#
#.# #.# #.#
#.# #.#
#.##########


You could see an ogre.

Vanquished Creatures
  An ice beast (D:4)
  A centaur (D:5)
  2 ogres (D:5)
  A scorpion (D:4)
  4 hounds
  2 bullfrog skeletons
  Natasha (twice) (D:3)
  2 orc wizards
  A worker ant (D:4)
  2 gnolls (D:2)
  8 adders
  A shadow imp (D:5)
  An ooze (D:3)
  7 worms
  2 leopard geckos
  8 orcs
  9 giant cockroaches
  9 hobgoblins
  4 jackals
  13 kobolds
  5 quokkas
  3 ball pythons
  7 bats
  7 frilled lizards
  13 goblins
  A jackal skeleton (D:5)
  2 leopard gecko skeletons
  12 rats
130 creatures vanquished.

Vanquished Creatures (collateral kills)
  2 phantoms (D:5)
  Natasha (D:3)
  A gnoll (D:2)
  A worm (D:2)
  A giant cockroach (D:2)
  A goblin (D:1)
  A hobgoblin (D:1)
  A ball python (D:2)
  2 frilled lizards
  A rat (D:2)
12 creatures vanquished.

Grand Total: 142 creatures vanquished

Notes
Turn   | Place    | Note
-------+----------+-------------------------------------------
     0 | D:1      | sankara the Ghoul Necromancer began the quest for the Orb.
     0 | D:1      | Reached XP level 1. HP: 14/14 MP: 2/2
    15 | D:1      | Noticed an electric eel
    39 | D:1      | Learned a level 1 spell: Animate Skeleton
   192 | D:1      | Reached XP level 2. HP: 20/20 MP: 1/3
   417 | D:1      | Reached skill level 1 in Unarmed Combat
   762 | D:1      | Reached XP level 3. HP: 26/26 MP: 0/4
  1778 | D:2      | Reached skill level 1 in Armour
  1778 | D:2      | Reached XP level 4. HP: 20/33 MP: 1/5
  2180 | D:2      | Learned a level 3 spell: Vampiric Draining
  2479 | D:2      | Reached XP level 5. HP: 5/38 MP: 6/6
  2715 | D:3      | Found a hazy altar of Hepliaklqana.
  3038 | D:3      | Noticed Natasha
  3052 | D:3      | Killed Natasha
  3401 | D:3      | Noticed Natasha
  3406 | D:3      | Killed Natasha
  3406 | D:3      | Reached XP level 6. HP: 40/45 MP: 3/7
  3698 | D:3      | You fall into a shaft and drop 2 floors!
  3698 | D:5      | Entered Level 5 of the Dungeon
  3742 | D:3      | Found a blossoming altar of Fedhas.
  3809 | D:3      | Noticed Natasha
  3822 | D:3      | Killed Natasha
  4006 | D:4      | Reached skill level 1 in Evocations
  4757 | D:4      | Reached skill level 5 in Necromancy
  4982 | D:4      | Reached XP level 7. HP: 21/50 MP: 8/8
  6610 | D:5      | Reached skill level 5 in Stealth
  6610 | D:5      | Reached XP level 8. HP: 24/57 MP: 9/9
  7649 | D:6      | Slain by an ogre

Illustrated notes

Levels and vault maps discovered:
D:1:      arrival_aquarium_a, layout_basic
D:2:      layout_rooms, first_ration, minmay_heptomino_d4
D:3:      layout_loops_ring, old_standard_altar, fedhas_altar_4, uniq_natasha
D:4:      corexii_shack_village, layout_basic
D:5:      layout_layer_cave
D:6:      layout_basic, minmay_microvault, uniq_menkaure

Skill      XL: |  1  2  3  4  5  6  7  8 |
---------------+-------------------------+-----
Dodging        | 2 3 4 |  4.0
Unarmed Combat | 1 2 3 4 |  4.2
Armour         | 1 2 3 |  3.3
Stealth        | 3 4 5 |  5.0
Evocations     | 1 2 |  2.9
Necromancy     | 5 |  5.6
Spellcasting   | |  1.7

Action                   |  1- 3 |  4- 6 |  7- 9 || total
-------------------------+-------+-------+-------++-------
Melee: Unarmed           |    73 |   237 |   100 ||   410
       Punch             |       |     2 |     2 ||     4
Throw: Stone             |     3 |     1 |       ||     4
 Cast: Pain              |    49 |    95 |    61 ||   205
       Animate Skeleton  |    17 |    22 |     6 ||    45
       Vampiric Draining |       |       |     4 ||     4
Evoke: Wand              |       |       |    17 ||    17
  Use: Potion            |       |       |     3 ||     3
 Stab: Sleeping          |     1 |    11 |     2 ||    14
  Eat: Chunk             |    20 |    26 |    16 ||    62
Armor: Robe              |     1 |       |       ||     1
       Leather armour    |    18 |    54 |    24 ||    96
Dodge: Dodged            |    64 |   190 |    92 ||   346
